 Dungeon Crawl Stone Soup version 0.29.1-1-gd02db6906a (webtiles) character file.

Game seed: 5610850590063985584

986 LustLizard the Slasher (level 7, -12/56 HPs)
             Began as a Demonspawn Fighter on Oct 22, 2022.
             Was a Believer of Okawaru.
             Mangled by a troll (14 damage)
             ... on level 6 of the Dungeon.
             The game lasted 00:06:40 (5117 turns).

LustLizard the Slasher (Demonspawn Fighter)         Turns: 5117, Time: 00:06:41

Health: -12/56     AC: 15    Str: 22    XL:     7   Next: 97%
Magic:  14/16      EV:  9    Int:  9    God:    Okawaru [**....]
Gold:   271        SH:  6    Dex: 15    Spells: 6/6 levels left

rFire   . . .      SeeInvis .   A - +8 trident of the Octopus King {venom, rElec rPois}
rCold   . . .      Faith    .   c - +0 buckler
rNeg    . . .      Spirit   .   z - +0 plate armour
rPois   +          Reflect  .   (helmet restricted)
rElec   +          Harm     .   (no cloak)
rCorr   .          Rampage  .   (no gloves)
Will    .....                   k - +1 pair of boots
Stlth   ..........              (no amulet)
HPRegen 0.18/turn               x - +6 ring of strength
MPRegen 0.15/turn               w - ring of magical power

@: heroic, invisible
A: horns 2, sturdy frame 1, demonic magic 1
a: Renounce Religion, Heroism


You were on level 6 of the Dungeon.
You worshipped Okawaru.
Okawaru was pleased with you.
You visited 2 branches of the dungeon, and saw 7 of its levels.

You collected 271 gold pieces.

Inventory:

Hand Weapons
 a - a +0 long sword
 A - the +8 trident of the Octopus King (weapon) {venom, rElec rPois}
   (You found it on level 4 of the Dungeon)

   It poisons the flesh of those it strikes.
   rElec:     It insulates you from electricity.
   rPois:     It protects you from poison.
Missiles
 l - 10 poisoned darts
 n - 40 stones (quivered)
Armour
 b - a +0 scale mail
 c - a +0 buckler (worn)
 k - a +1 pair of boots (worn)
 y - a +0 chain mail
 z - a +0 plate armour (worn)
Jewellery
 j - a ring of wizardry
 w - a ring of magical power (right hand)
 x - a +6 ring of strength (left hand)
Scrolls
 f - 7 scrolls of teleportation {unknown}
 o - a scroll of immolation {unknown}
 p - a scroll of blinking {unknown}
 q - a scroll of summoning {unknown}
 s - 2 scrolls of noise {unknown}
 u - a scroll of fear {unknown}
 v - 2 scrolls of magic mapping {unknown}
 B - a scroll of enchant armour {unknown}
 C - a scroll of vulnerability {unknown}
 E - a scroll of enchant weapon
Potions
 d - 2 potions of might
 g - 3 potions of mutation
 h - a potion of berserk rage
 m - a potion of flight
 r - a potion of brilliance
 t - a potion of cancellation
 D - a potion of curing
 F - a potion of lignification


   Skills:
 + Level 5.4(10.4) Fighting
 * Level 6.1(11.1) Long Blades
 - Level 4.0(9.0) Throwing
 - Level 2.6(7.6) Armour
 - Level 2.6(7.6) Shields


You had 6 spell levels left.
You didn't know any spells.
Your spell library contained the following spells:

 Spells                   Type           Power      Damage    Failure   Level
 Foxfire                  Conj/Fire      0%         2x1d4     99%         1
 Conjure Flame            Conj/Fire      0%         6-21      100%        3
 Dazzling Flash           Conj/Hex       0%         N/A       100%        3
 Inner Flame              Hex/Fire       0%         N/A       100%        3
 Portal Projectile        Hex/Tloc       0%         N/A       100%        3
 Flame Wave               Conj/Fire      0%         2d4       100%        4
 Iskenderun's Mystic Bla  Conj/Tloc      0%         2d3       100%        4
 Leda's Liquefaction      Hex/Erth       0%         N/A       100%        4
 Starburst                Conj/Fire      0%         6d3       100%        6
 Call Canine Familiar     Summ           Unusable   N/A       N/A         3

Dungeon Overview and Level Annotations

Branches:
Dungeon (6/15)             Temple (1/1) D:5

Altars:
Fedhas
Makhleb
Okawaru
Sif Muna

Annotations:
D:6 1 runed translucent door


Innate Abilities, Weirdness & Mutations

You have a pair of horns on your head.
Your movements are slightly less encumbered by armour. (ER -2)
Spells you cast may paralyse adjacent enemies.


Message History

The troll claws you but does no damage.
Your Long Blades skill increases to level 6!
The yak bellows!
You hit the troll.
The troll is lightly wounded.
You hear a shout!
The troll bites you but does no damage. The troll claws you. x2
You barely miss the troll.
The troll is lightly wounded.
The troll bites you. You block the troll's attack. The troll barely misses you.
You closely miss the troll. You block the troll's attack. The troll claws you!
The troll claws you but does no damage. The troll bites you.
You block the troll's attack. The troll claws you but does no damage.
You hit the troll but do no damage.
The troll is poisoned.
Your headbutt misses the troll. You block the troll's attack.
The troll claws you!
* * * LOW HITPOINT WARNING * * *
The troll claws you.
* * * LOW HITPOINT WARNING * * *
Unknown command.
You gain the combat prowess of a mighty hero.
The troll barely misses you. You block the troll's attack. x2
You hit the troll.
The troll looks as sick as possible!
The troll is lightly wounded.
The troll bites you.
* * * LOW HITPOINT WARNING * * *
The troll claws you.
* * * LOW HITPOINT WARNING * * *
The troll claws you but does no damage.
You puncture the troll!
The troll is heavily wounded.
An iguana comes into view.
The troll barely misses you. The troll claws you.
* * * LOW HITPOINT WARNING * * *
The troll barely misses you.
Unknown command.
You fade into invisibility!
The iguana hisses angrily.
The troll bites you!
You die...

#.###########
#l..lT@.>)..#
#.#)#.######.#
#Y. #.#
###.#####.#
........####
.######....#
#....# #....#
......#.##


You could see a yak (unable to see you), a troll (unable to see you, extremely
poisoned) and 2 iguanas.

Vanquished Creatures
  An orc warrior (D:6)
  An ice beast (D:6)
  A black bear (D:6)
  2 ogres
  A bullfrog (D:6)
  A scorpion (D:5)
  2 jellies
  2 hounds (D:5)
  Jessica (D:2)
  4 iguanas
  6 adders
  A white imp (D:5)
  An ufetubus (D:5)
  3 worms
  3 dart slugs
  12 orcs
  9 ball pythons
  2 endoplasms
  4 giant cockroaches
  5 goblins
  10 hobgoblins
  4 quokkas
  11 bats
  3 frilled lizards
  2 kobolds
  9 rats
101 creatures vanquished.

Notes
Turn   | Place    | Note
-------+----------+-------------------------------------------
     0 | D:1      | LustLizard the Demonspawn Fighter began the quest for the
                  | Orb.
     0 | D:1      | Reached XP level 1. HP: 18/18 MP: 1/1
    82 | D:1      | Reached skill level 2 in Long Blades
    95 | D:1      | Gained mutation: You have a pair of small horns on your
                  | head. [demonic ancestry]
    95 | D:1      | Reached XP level 2. HP: 8/24 MP: 2/2
   462 | D:1      | Found a faded altar of an unknown god.
  1378 | D:2      | Noticed Jessica
  1400 | D:2      | Killed Jessica
  1401 | D:2      | Reached skill level 1 in Throwing
  1401 | D:2      | Gained mutation: Spells you cast may paralyse adjacent
                  | enemies. [demonic ancestry]
  1401 | D:2      | Reached XP level 3. HP: 29/29 MP: 3/3
  1874 | D:2      | Reached skill level 3 in Long Blades
  1874 | D:2      | Reached XP level 4. HP: 23/35 MP: 4/4
  2471 | D:3      | Found Biesuno's Distillery.
  3299 | D:4      | Reached XP level 5. HP: 41/42 MP: 5/5
  3517 | D:4      | Noticed an ogre
  3532 | D:4      | Killed an ogre
  3587 | D:4      | Reached skill level 4 in Long Blades
  3587 | D:4      | Gained mutation: Your movements are slightly less
                  | encumbered by armour. (ER -2) [demonic ancestry]
  3587 | D:4      | Reached XP level 6. HP: 40/48 MP: 6/6
  3878 | D:4      | Found the +8 trident of the Octopus King {venom, rElec
                  | rPois}
  4251 | D:5      | Entered Level 5 of the Dungeon
  4375 | D:5      | Found a staircase to the Ecumenical Temple.
  4388 | Temple   | Entered the Ecumenical Temple
  4392 | Temple   | Became a worshipper of Warmaster Okawaru
  4606 | D:5      | Gained mutation: You have a pair of horns on your head.
                  | [demonic ancestry]
  4606 | D:5      | Reached XP level 7. HP: 55/55 MP: 7/7
  4713 | D:5      | Found a shimmering blue altar of Sif Muna.
  4852 | D:6      | Reached * piety under Okawaru
  4895 | D:6      | Found a runed translucent door.
  4903 | D:6      | Reached skill level 5 in Long Blades
  4938 | D:6      | Reached skill level 5 in Fighting
  5104 | D:6      | Noticed a troll
  5109 | D:6      | Reached ** piety under Okawaru
  5109 | D:6      | Noticed a yak
  5110 | D:6      | Reached skill level 6 in Long Blades
  5115 | D:6      | HP: 2/56 [troll (6)]
  5117 | D:6      | Mangled by a troll

Illustrated notes

Levels and vault maps discovered:
D:1:      sevenhm_arrival_forest_fort_large_2, layout_loops_ring,
          shapermc_ecumenical_altar_starsandcircs, minmay_fountain_box
D:2:      layout_basic, uniq_jessica
D:3:      layout_basic, serial_shops, nicolae_shop_window_shopping,
          kennysheep_crisscross, minmay_stone_trees_small, minmay_vboxes
D:4:      layout_gridville
D:5:      layout_basic, marbit_many_paths, temple_fountains
D:6:      layout_loops_ring, ebering_ghost_reflecting_pool,
          minmay_manual_monstrance
Temple:   zaba_magenta_temple

Skill      XL: |  1  2  3  4  5  6  7 |
---------------+----------------------+-----
Long Blades    | 2 3 4 6 |  6.1
Throwing       | 1 2 3 4 |  4.0
Fighting       | 4 5 |  5.4
Armour         | |  2.6
Shields        | |  2.6

Action                   |  1- 3 |  4- 6 |  7- 9 || total
-------------------------+-------+-------+-------++-------
Melee: Long sword        |    97 |   101 |       ||   198
       Headbutt          |     4 |    23 |     8 ||    35
       Trident           |       |    41 |    34 ||    75
Throw: Dart              |       |     6 |       ||     6
       Stone             |       |     3 |       ||     3
Invok: Heroism           |       |       |     1 ||     1
  Use: Scroll            |       |       |     9 ||     9
       Potion            |       |       |     1 ||     1
Armor: Scale mail        |    88 |    45 |       ||   133
       Chain mail        |       |     6 |       ||     6
       Plate armour      |       |    23 |    21 ||    44
Dodge: Dodged            |    59 |    38 |     6 ||   103
Block: Buckler           |    35 |    28 |    10 ||    73
